 Dungeon Crawl Stone Soup version 0.30.1-9-gdf580d7c3d (webtiles) character file.

Game seed: 11199167396479343819

24 monsoonserge the Grasshopper (level 2, 0/22 HPs)
             Began as a Demonspawn Warper on Oct 6, 2023.
             Slain by a rat (3 damage)
             ... on level 2 of the Dungeon.
             The game lasted 00:03:45 (995 turns).

monsoonserge the Grasshopper (Demonspawn Warper)     Turns: 995, Time: 00:03:45

Health: 0/22       AC:  5    Str: 11    XL:     2   Next: 79%
Magic:  0/5        EV: 10    Int: 14    God:
Gold:   65         SH:  0    Dex: 12    Spells: 3/5 levels left

rFire   . . .        a - +0 falchion
rCold   . . .        (no shield)
rNeg    + . .        j - +0 ring mail
rPois   .            (no helmet)
rElec   .            (no cloak)
rCorr   .            (no gloves)
SInv    .            (no boots)
Will    .....        i - amulet of guardian spirit
Stlth   +            l - ring of positive energy
HPRegen 0.23/turn    (no ring)
MPRegen 0.09/turn

%: guardian spirit
@: no status effects
A: claws 1
a: no special abilities


You were on level 2 of the Dungeon.
You visited 1 branch of the dungeon, and saw 2 of its levels.

You collected 65 gold pieces.

Inventory:

Hand Weapons
 a - a +0 falchion (weapon)
Missiles
 d - 6 boomerangs of dispersal (quivered)
Armour
 b - a +0 leather armour
 f - an orb of wrath
 j - a +0 ring mail (worn)
Jewellery
 h - a ring of fire
 i - an amulet of guardian spirit (around neck)
 l - a ring of positive energy (left claw)
Scrolls
 c - a scroll of blinking
 g - a scroll of enchant armour {unknown}
 k - a scroll of fear {unknown}
 m - a scroll of magic mapping {unknown}
 o - a scroll of torment {unknown}
Potions
 e - a potion of degeneration {unknown}
 n - a potion of magic {unknown}


   Skills:
 + Level 2.0 Fighting
 - Level 2.0 Long Blades
 + Level 0.8 Throwing
 * Level 1.0 Armour
 + Level 2.0 Dodging
 * Level 0.5 Unarmed Combat
 + Level 2.1 Spellcasting
 + Level 3.1 Translocations


You had 3 spell levels left.
You knew the following spells:

 Your Spells              Type           Power      Damage    Failure   Level
a - Blink                 Tloc           20%        N/A       24%         2

Your spell library contained the following spells:

 Spells                   Type           Power      Damage    Failure   Level
 Lesser Beckoning         Tloc           20%        N/A       24%         2
 Momentum Strike          Conj/Tloc      10%        3d8       41%         2
 Teleport Other           Tloc           10%        N/A       43%         3
 Scorch                   Fire           2%         2d5       63%         2
 Vhi's Electric Charge    Tloc/Air       10%        N/A       65%         3
 Manifold Assault         Tloc           10%        N/A       83%         4
 Flame Wave               Conj/Fire      1%         2d4       99%         4
 Summon Cactus Giant      Summ           0%         N/A       100%        6


Dungeon Overview and Level Annotations

Branches:
Dungeon (2/15)

Altars:


Innate Abilities, Weirdness & Mutations

You have sharp fingernails.


Message History

The rat closely misses you. The adder bites you but does no damage.
You hit the adder.
The adder is lightly wounded.
The adder bites you. The rat bites you but does no damage.
You miss the adder.
The adder is lightly wounded.
The adder bites you but does no damage. The rat bites you. The adder bites you.
You closely miss the adder.
The adder is lightly wounded.
The rat bites you but does no damage. The adder bites you but does no damage.
The rat bites you but does no damage.
You barely miss the adder.
The adder is lightly wounded.
The adder completely misses you. The adder barely misses you.
The rat misses you.
You hit the adder but do no damage.
The adder is lightly wounded.
The adder bites you but does no damage. The rat misses you.
The adder bites you but does no damage. The rat bites you. The adder bites you.
You are poisoned.
The adder poisons you!
You miss the adder.
The adder is lightly wounded.
You feel sick. The adder bites you. The rat bites you.
You closely miss the adder.
The adder is lightly wounded.
You feel sick. The adder bites you. The rat bites you but does no damage.
The adder barely misses you.
Okay, then.
The rat attacks as you move away! The rat bites you.
You feel sick.
You are no longer poisoned.
Throw: 7 boomerangs (disperse)
Press: ? - help, Q - select action Shift-Dir - straight line, f - adder
Aim: an adder (lightly wounded, 38% to hit)
You throw a boomerang of dispersal.
The boomerang of dispersal closely misses the adder.
The adder bites you.
* * * LOW HITPOINT WARNING * * *
The rat closely misses you. The adder barely misses you. The rat bites you.
You die...

.................#
####...........####
..............#
#............+
.###............#
.................#
##.............#
#..r..........#
#<.@S.........#
#.............#
...............[
.^................
......#########.#.
.....? .# ....#.
......


You could see an adder and a rat.

Vanquished Creatures
  A ball python (D:1)
  3 bats (D:1)
  An endoplasm (D:1)
  A giant cockroach (D:1)
  4 goblins (D:1)
  A hobgoblin (D:1)
  3 kobolds (D:1)
  A quokka (D:1)
  3 frilled lizards (D:1)
  3 rats (D:1)
21 creatures vanquished.

Notes
Turn   | Place    | Note
-------+----------+-------------------------------------------
     0 | D:1      | monsoonserge the Demonspawn Warper began the quest for the
                  | Orb.
     0 | D:1      | Reached XP level 1. HP: 16/16 MP: 3/3
   120 | D:1      | Reached skill level 3 in Translocations
   135 | D:1      | Gained mutation: You have sharp fingernails. [demonic
                  | ancestry]
   135 | D:1      | Reached XP level 2. HP: 22/22 MP: 5/5
   218 | D:1      | Learned a level 2 spell: Blink
   738 | D:1      | Reached skill level 1 in Armour
   995 | D:2      | Slain by a rat

Illustrated notes

Levels and vault maps discovered:
D:1:      doesnt_arrival_eight_statues, layout_basic, minmay_bisected
D:2:      layout_basic, serial_shops, shop, uniq_crazy_yiuf_cottage

Skill      XL: |  1  2 |
---------------+-------+-----
Translocations | 3 |  3.1
Long Blades    | 2 |  2.0
Dodging        | 2 |  2.0
Armour         | 1 |  1.0
Fighting       | |  2.0
Throwing       | |  0.8
Unarmed Combat | |  0.5
Spellcasting   | |  2.1

Action                     || total
---------------------------++-------
  Melee: Falchion          ||   114
  Throw: Boomerang         ||     1
 Armour: Leather armour    ||    35
         Ring mail         ||    17
  Dodge: Dodged            ||    98
